 Dungeon Crawl Stone Soup version 0.26-a0-611-g354ed81502 (webtiles) character file.

Game seed: 18381219693668493149

64 Gargoyl the Skirmisher (level 4, 0/41 HPs)
             Began as a Gnoll Abyssal Knight on Sept 4, 2020.
             Was a Follower of Lugonu.
             Slain by a worm (7 damage)
             ... on level 2 of the Dungeon on Sept 5, 2020.
             The game lasted 00:02:17 (1039 turns).

Gargoyl the Skirmisher (Gnoll Abyssal Knight)       Turns: 1039, Time: 00:02:18

Health: 0/41       AC:  9    Str: 15    XL:     4   Next: 12%
Magic:  7/7        EV:  8    Int: 14    God:    Lugonu [*.....]
Gold:   105        SH:  0    Dex: 15    Spells: 5/5 levels left

rFire    . . .     SeeInvis .   i - +1 whip (flame)
rCold    . . .     Faith    .   (no shield)
rNeg     . . .     Spirit   .   c - +0 chain mail
rPois    .         Reflect  .   (no helmet)
rElec    .         Harm     .   (no cloak)
rCorr    .                      (no gloves)
MR       .....                  (no boots)
Stlth    ..........             (no amulet)
HPRegen  0.13/turn              (no ring)
MPRegen  0.10/turn              (no ring)

@: lethally poisoned (0 -> -1)
A: distributed training, fangs 1, strong nose
a: Depart the Abyss, Renounce Religion


You were on level 2 of the Dungeon.
You worshipped Lugonu.
Lugonu was aware of your devotion.
You visited 1 branch of the dungeon, and saw 2 of its levels.
You visited the Abyss 1 time.

You collected 105 gold pieces.

Inventory:

Hand Weapons
 a - a +1 hand axe
 i - a +1 whip of flaming (weapon)
Armour
 c - a +0 chain mail (worn)
Scrolls
 b - a scroll of magic mapping {unknown}
 e - 2 scrolls of identify
 g - a scroll of teleportation
Potions
 d - a potion of might
 f - 2 potions of curing {unknown}


   Skills:
 + Level 6.6 Fighting
 + Level 1.0 Short Blades
 + Level 1.0 Long Blades
 + Level 4.6 Axes
 + Level 1.0 Maces & Flails
 + Level 1.0 Polearms
 + Level 1.0 Staves
 + Level 1.0 Slings
 + Level 1.0 Bows
 + Level 1.0 Crossbows
 + Level 1.0 Throwing
 + Level 4.6 Armour
 + Level 2.7 Dodging
 + Level 1.0 Stealth
 + Level 1.0 Shields
 + Level 1.0 Unarmed Combat
 + Level 1.0 Spellcasting
 + Level 0.8 Conjurations
 + Level 0.8 Hexes
 + Level 0.8 Summonings
 + Level 0.8 Necromancy
 + Level 0.8 Translocations
 + Level 0.8 Transmutations
 + Level 0.8 Fire Magic
 + Level 0.8 Ice Magic
 + Level 0.8 Air Magic
 + Level 0.8 Earth Magic
 + Level 0.8 Poison Magic
 + Level 4.6 Invocations
 + Level 1.0 Evocations


You had 5 spell levels left.
You didn't know any spells.
Your spell library was empty.

Dungeon Overview and Level Annotations

Branches:
Dungeon (2/15)

Altars:


Innate Abilities, Weirdness & Mutations

Your experience applies equally to all skills.
You have very sharp teeth.
Your uncanny sense of smell can sniff out nearby items.


Message History

a +2 dagger of venom; a quokka corpse; a kobold corpse The worm bites you but does no damage.
You hit the worm. You burn the worm.
The worm is heavily wounded.
The worm bites you!
You barely miss the worm.
The worm is moderately wounded.
You hit the worm. You burn the worm.
The worm is severely wounded.
You feel sick. The worm barely misses you.
You barely miss the worm.
The worm is heavily wounded.
You hit the worm but do no damage. You bite the worm, but do no damage.
The worm is heavily wounded.
The worm bites you!
* * * LOW HITPOINT WARNING * * *
You hit the worm. You burn the worm.
The worm is almost dead.
You feel sick. The worm bites you!
You die...

≈.###8. #... (. ## #.
#.. ....#.... #.^
#.#...#. #.∆ ##.
#...#.. ..##..######.
#.#. .#.. ..........
#...#.. ..####.##
#.##w#######+## #.#
#..)@....##8.8####.##
#..#######.....##...#
#..# ##8.....8##...
#..## ##.........##.#
#...###8..=......8###
#.#)#.'.....(..)..'..
#.....#8.........8###
#.....##.........##
##...####8.....8##


You could see a worm.

Vanquished Creatures
  2 adders (D:2)
  An ooze (D:2)
  A dart slug (D:1)
  A leopard gecko (D:1)
  5 bats
  4 giant cockroaches (D:1)
  3 goblins
  3 hobgoblins
  A quokka (D:2)
  8 kobolds
  6 rats (D:1)
35 creatures vanquished.

Notes
Turn   | Place    | Note
-------+----------+-------------------------------------------
     0 | Abyss:1  | Gargoyl the Gnoll Abyssal Knight began the quest for the
                  | Orb.
     0 | Abyss:1  | Reached XP level 1. HP: 23/23 MP: 3/3
    22 | Abyss:2  | Found a corrupted altar of Lugonu.
    59 | Abyss:2  | Noticed a wight
    59 | Abyss:2  | Noticed a wight
    61 | Abyss:2  | Noticed a wight
    64 | Abyss:2  | Noticed a smoke demon
    64 | Abyss:2  | Noticed a worldbinder
    67 | D:1      | Escaped the Abyss
    89 | D:1      | Upgraded the game from 0.26-a0-610-g3e9335bbc7 to
                  | 0.26-a0-611-g354ed81502
   227 | D:1      | Reached * piety under Lugonu
   227 | D:1      | Reached XP level 2. HP: 27/29 MP: 5/5
   463 | D:1      | Reached XP level 3. HP: 35/35 MP: 6/6
   871 | D:2      | Reached skill level 1 in Short Blades
   871 | D:2      | Reached skill level 1 in Long Blades
   871 | D:2      | Reached skill level 1 in Maces & Flails
   871 | D:2      | Reached skill level 1 in Polearms
   871 | D:2      | Reached skill level 1 in Staves
   871 | D:2      | Reached skill level 1 in Slings
   871 | D:2      | Reached skill level 1 in Bows
   871 | D:2      | Reached skill level 1 in Crossbows
   871 | D:2      | Reached skill level 1 in Throwing
   871 | D:2      | Reached skill level 1 in Stealth
   871 | D:2      | Reached skill level 1 in Shields
   871 | D:2      | Reached skill level 1 in Unarmed Combat
   871 | D:2      | Reached skill level 1 in Spellcasting
   871 | D:2      | Reached skill level 1 in Evocations
   998 | D:2      | Reached XP level 4. HP: 38/41 MP: 7/7
  1039 | D:2      | Slain by a worm

Illustrated notes

Levels and vault maps discovered:
D:1:      tarquinn_simple_flora_water_b, layout_rooms
D:2:      wander_river, layout_loops_ring, hex_tiny, dk_noncrumbling_4

Skill      XL: |  1  2  3 |
---------------+----------+-----
Short Blades   | 1 |  1.0
Long Blades    | 1 |  1.0
Maces & Flails | 1 |  1.0
Polearms       | 1 |  1.0
Staves         | 1 |  1.0
Slings         | 1 |  1.0
Bows           | 1 |  1.0
Crossbows      | 1 |  1.0
Throwing       | 1 |  1.0
Stealth        | 1 |  1.0
Shields        | 1 |  1.0
Unarmed Combat | 1 |  1.0
Spellcasting   | 1 |  1.0
Evocations     | 1 |  1.0
Fighting       | |  6.6
Axes           | |  4.6
Armour         | |  4.6
Dodging        | |  2.7
Conjurations   | |  0.8
Hexes          | |  0.8
Summonings     | |  0.8
Necromancy     | |  0.8
Translocations | |  0.8
Transmutations | |  0.8
Fire Magic     | |  0.8
Ice Magic      | |  0.8
Air Magic      | |  0.8
Earth Magic    | |  0.8
Poison Magic   | |  0.8
Invocations    | |  4.6

Action                   |  1- 3 |  4- 6 || total
-------------------------+-------+-------++-------
Melee: Hand axe          |    52 |       ||    52
       Bite              |     5 |     3 ||     8
       Whip              |    25 |    17 ||    42
Invok: Depart the Abyss  |     1 |       ||     1
  Use: Potion            |     1 |       ||     1
       Scroll            |     5 |       ||     5
Armor: Chain mail        |    63 |     7 ||    70
Dodge: Dodged            |    44 |     5 ||    49

Table legend: (Time is in decaauts)
 A = Elapsed time spent in this place.
 B = Non-inter-level travel time spent in this place.
 C = Inter-level travel time spent in this place.
 D = Time resting spent in this place.
 E = Time spent auto-exploring this place.
 F = Levels seen in this place.
 G = Mean time per level.
                   A        B        C        D        E       F      G
               +--------+--------+--------+--------+--------+-----+--------+
         Total |   1057 |   1023 |     34 |     88 |    631 |   4 |  264.2 |
       Dungeon |    990 |    956 |     34 |     88 |    595 |   2 |  495.0 |
         Abyss |     66 |     66 |      0 |      0 |     36 |   2 |   33.0 |
               +--------+--------+--------+--------+--------+-----+--------+

Top non-repeatable levels by time:
     D:1: 674 daAuts
     D:2: 316 daAuts
 Abyss:2: 44 daAuts
 Abyss:1: 22 daAuts
